Workbook

Sheet Formula
A1: FINANCIAL STATEMENT ANALYSIS
A2: LIQUIDITY RATIOS
A3: Current Ratio | B3: Current Asset/CurrentLiability | C3: Liquidity Ratios examines firm's ability to pay off its short term obligation or current liability
A4: Quick Ratio | B4: Quick Asset/Current Liability
A5: Cash Position Ratio | B5: (Cash+Bank) / Current Liability
A6: CFO/CL | B6: Cash from operating activity / Current Liability
A7: SOLVENCY RATIOS
A8: Debt/Equity Ratio | B8: Total Debt/ Shareholder's Fund | C8: Solvency Ratios examines firm's ability to pay off its long term obligation
A9: Debt/Asset | B9: Total Debt/ Total Asset
A10: Debt/Capital | B10: Total Debt/ Total Capital
A11: Interest Coverage Ratio | B11: EBIT/ Interest on long term loans
A12: Fixed Charge Coverage ratio | B12: EBIT/ Fixed Charges
A13: EFFICIENCY / TURNOVER RATIOS
A14: Inventory Turnover Ratio | B14: COGS (Sales)/Inentory | C14: Efficiency Ratio's examines firm's efficiency in utilizing its resources
A15: Debtor/A/R Turnover Ratio | B15: Credit Sales/Debtors (A/R)
A16: Working Capital Turnover Ratio | B16: Sales/Gross Working Capital
A17: Asset Turnover Ratio | B17: Sales/Total Asets
A18: Creditors Turnover Ratio | B18: Credit Purchases/Creditors
A19: Average Collection Period | B19: 365/Debtor Turnover Ratio
A20: Average Payable Period | B20: 365/Creditors Turnover Ratio
A21: PROFITABILITY RATIOS
A22: Gross Profit Ratio | B22: Gross Profit / Sales | C22: Examines firm's profitability
A23: Operating Profit Ratio | B23: Operating Profit/ Sales
A24: EBIT Margin | B24: EBIT/ Sales
A25: EBT Margin | B25: EBT/ Sales
A26: Return on Capital Employed | B26: EBIT/ Capital Employed
A27: Return on Equity | B27: EAT/ Shareholders Fund
A28: Return on Assets | B28: EBIT/Total Assets
A29: Earnings Per Share (EPS) | B29: Net Income - Preferred dividend/Number of shares outstanding
A30: VALUATION
A31: Price Earnings Ratio | B31: Market Price of Share/Earnings per share | C31: Comments upon valuation of firm in capital market
A32: Price Book Value Ratio | B32: Market Price of Share/Book value per share
A33: Dividend Yield | B33: Annual dividend/Market Price of Share

Sheet BS
B1: 201803 | C1: 201703 | D1: 201603 | E1: 201503 | F1: 201403 | G1: 201303 | H1: 201203 | I1: 201103 | J1: 201003 | K1: 200903 | L1: 200803 | M1: 200703 | N1: 200603 | O1: 200503 | P1: 200403
A2: SOURCES OF FUNDS :
A3: Share Capital
A4: Reserves Total
A5: Equity Share Warrants
A6: Equity Application Money
A7: Total Shareholders Funds
A8: Secured Loans
A9: Unsecured Loans
A10: Total Debt
A11: Other Liabilities
A13: Total Liabilities
A15: APPLICATION OF FUNDS :
... A43: Contingent Liabilities

Sheet PL
B1: 201803 | C1: 201703 | D1: 201603 | E1: 201503 | F1: 201403 | G1: 201303 | H1: 201203 | I1: 201103 | J1: 201003 | K1: 200903 | L1: 200803 | M1: 200703 | N1: 200603 | O1: 200503 | P1: 200403
A2: INCOME :
A3: Sales Turnover
A4: Excise Duty
A5: Net Sales
A6: Other Income
A7: Stock Adjustments
A9: Total Income
A11: EXPENDITURE :
A12: Raw Materials
A13: Power & Fuel Cost
A14: Employee Cost
A15: Other Manufacturing Expenses
... A47: Book Value(Adj)-Unit Curr

Sheet CFS
B1: 201803 | C1: 201703 | D1: 201603 | E1: 201503 | F1: 201403 | G1: 201303 | H1: 201203 | I1: 201103 | J1: 201003 | K1: 200903 | L1: 200803 | M1: 200703 | N1: 200603 | O1: 200503 | P1: 200403
A2: Cash Flow Summary
A3: Cash and Cash Equivalents at Beginning of the year
A4: Net Cash from Operating Activities
A5: Net Cash Used in Investing Activities
A6: Net Cash Used in Financing Activities
A7: Net Inc/(Dec) in Cash and Cash Equivalent
A8: Cash and Cash Equivalents at End of the year
A9: Year

Sheet Liquidity
B1: 201803 | C1: 201703 | D1: 201603 | E1: 201503 | F1: 201403 | G1: 201303 | H1: 201203 | I1: 201103 | J1: 201003 | K1: 200903 | L1: 200803 | M1: 200703 | N1: 200603 | O1: 200503 | P1: 200403
A2: Current Ratio | B2: =BS!B29/BS!B33 -> #DIV/0! | C2: =BS!C29/BS!C33 -> #DIV/0! | D2: =BS!D29/BS!D33 -> #DIV/0! | E2: =BS!E29/BS!E33 -> #DIV/0! | F2: =BS!F29/BS!F33 -> #DIV/0! | G2: =BS!G29/BS!G33 -> #DIV/0! | H2: =BS!H29/BS!H33 -> #DIV/0! | I2: =BS!I29/BS!I33 -> #DIV/0! | ... P2: =BS!P29/BS!P33 -> #DIV/0!
A3: Quick Ratio | B3: =SUM(BS!B26:B28)/BS!B33 -> #DIV/0! | C3: =SUM(BS!C26:C28)/BS!C33 -> #DIV/0! | D3: =SUM(BS!D26:D28)/BS!D33 -> #DIV/0! | E3: =SUM(BS!E26:E28)/BS!E33 -> #DIV/0! | F3: =SUM(BS!F26:F28)/BS!F33 -> #DIV/0! | G3: =SUM(BS!G26:G28)/BS!G33 -> #DIV/0! | H3: =SUM(BS!H26:H28)/BS!H33 -> #DIV/0! | I3: =SUM(BS!I26:I28)/BS!I33 -> #DIV/0! | ... P3: =SUM(BS!P26:P28)/BS!P33 -> #DIV/0!
A4: Cash Position Ratio | B4: =BS!B27/BS!B33 -> #DIV/0! | C4: =BS!C27/BS!C33 -> #DIV/0! | D4: =BS!D27/BS!D33 -> #DIV/0! | E4: =BS!E27/BS!E33 -> #DIV/0! | F4: =BS!F27/BS!F33 -> #DIV/0! | G4: =BS!G27/BS!G33 -> #DIV/0! | H4: =BS!H27/BS!H33 -> #DIV/0! | I4: =BS!I27/BS!I33 -> #DIV/0! | ... P4: =BS!P27/BS!P33 -> #DIV/0!
A5: CFO/CL | B5: =CFS!B4/BS!B33 -> #DIV/0! | C5: =CFS!C4/BS!C33 -> #DIV/0! | D5: =CFS!D4/BS!D33 -> #DIV/0! | E5: =CFS!E4/BS!E33 -> #DIV/0! | F5: =CFS!F4/BS!F33 -> #DIV/0! | G5: =CFS!G4/BS!G33 -> #DIV/0! | H5: =CFS!H4/BS!H33 -> #DIV/0! | I5: =CFS!I4/BS!I33 -> #DIV/0! | ... P5: =CFS!P4/BS!P33 -> #DIV/0!

Sheet Solvency
B1: 201803 | C1: 201703 | D1: 201603 | E1: 201503 | F1: 201403 | G1: 201303 | H1: 201203 | I1: 201103 | J1: 201003 | K1: 200903 | L1: 200803 | M1: 200703 | N1: 200603 | O1: 200503 | P1: 200403
A2: Debt/Equity | B2: =BS!B10/BS!B7 -> #DIV/0! | C2: =BS!C10/BS!C7 -> #DIV/0! | D2: =BS!D10/BS!D7 -> #DIV/0! | E2: =BS!E10/BS!E7 -> #DIV/0! | F2: =BS!F10/BS!F7 -> #DIV/0! | G2: =BS!G10/BS!G7 -> #DIV/0! | H2: =BS!H10/BS!H7 -> #DIV/0! | I2: =BS!I10/BS!I7 -> #DIV/0! | ... P2: =BS!P10/BS!P7 -> #DIV/0!
A3: Debt/Asset | B3: =BS!B10/BS!B41 -> #DIV/0! | C3: =BS!C10/BS!C41 -> #DIV/0! | D3: =BS!D10/BS!D41 -> #DIV/0! | E3: =BS!E10/BS!E41 -> #DIV/0! | F3: =BS!F10/BS!F41 -> #DIV/0! | G3: =BS!G10/BS!G41 -> #DIV/0! | H3: =BS!H10/BS!H41 -> #DIV/0! | I3: =BS!I10/BS!I41 -> #DIV/0! | ... P3: =BS!P10/BS!P41 -> #DIV/0!
A4: Debt/Capital | B4: =BS!B10/BS!B13 -> #DIV/0! | C4: =BS!C10/BS!C13 -> #DIV/0! | D4: =BS!D10/BS!D13 -> #DIV/0! | E4: =BS!E10/BS!E13 -> #DIV/0! | F4: =BS!F10/BS!F13 -> #DIV/0! | G4: =BS!G10/BS!G13 -> #DIV/0! | H4: =BS!H10/BS!H13 -> #DIV/0! | I4: =BS!I10/BS!I13 -> #DIV/0! | ... P4: =BS!P10/BS!P13 -> #DIV/0!
A5: Interest Coerage Ratio | B5: =PL!B22/PL!B23 -> #DIV/0! | C5: =PL!C22/PL!C23 -> #DIV/0! | D5: =PL!D22/PL!D23 -> #DIV/0! | E5: =PL!E22/PL!E23 -> #DIV/0! | F5: =PL!F22/PL!F23 -> #DIV/0! | G5: =PL!G22/PL!G23 -> #DIV/0! | H5: =PL!H22/PL!H23 -> #DIV/0! | I5: =PL!I22/PL!I23 -> #DIV/0! | ... P5: =PL!P22/PL!P23 -> #DIV/0!
A6: Fixed Charge Coverage ratio | B6: =PL!B22/(PL!B23+PL!B41) -> #DIV/0! | C6: =PL!C22/(PL!C23+PL!C41) -> #DIV/0! | D6: =PL!D22/(PL!D23+PL!D41) -> #DIV/0! | E6: =PL!E22/(PL!E23+PL!E41) -> #DIV/0! | F6: =PL!F22/(PL!F23+PL!F41) -> #DIV/0! | G6: =PL!G22/(PL!G23+PL!G41) -> #DIV/0! | H6: =PL!H22/(PL!H23+PL!H41) -> #DIV/0! | I6: =PL!I22/(PL!I23+PL!I41) -> #DIV/0! | ... P6: =PL!P22/(PL!P23+PL!P41) -> #DIV/0!

Sheet Efficiency
B1: 201803 | C1: 201703 | D1: 201603 | E1: 201503 | F1: 201403 | G1: 201303 | H1: 201203 | I1: 201103 | J1: 201003 | K1: 200903 | L1: 200803 | M1: 200703 | N1: 200603 | O1: 200503 | P1: 200403
A2: Inventory Turnoer Ratio | B2: =PL!B3/BS!B25 -> #DIV/0! | C2: =PL!C3/BS!C25 -> #DIV/0! | D2: =PL!D3/BS!D25 -> #DIV/0! | E2: =PL!E3/BS!E25 -> #DIV/0! | F2: =PL!F3/BS!F25 -> #DIV/0! | G2: =PL!G3/BS!G25 -> #DIV/0! | H2: =PL!H3/BS!H25 -> #DIV/0! | I2: =PL!I3/BS!I25 -> #DIV/0! | ... P2: =PL!P3/BS!P25 -> #DIV/0!
A3: Debtor Turnover Ratio | B3: =PL!B3/BS!B26 -> #DIV/0! | C3: =PL!C3/BS!C26 -> #DIV/0! | D3: =PL!D3/BS!D26 -> #DIV/0! | E3: =PL!E3/BS!E26 -> #DIV/0! | F3: =PL!F3/BS!F26 -> #DIV/0! | G3: =PL!G3/BS!G26 -> #DIV/0! | H3: =PL!H3/BS!H26 -> #DIV/0! | I3: =PL!I3/BS!I26 -> #DIV/0! | ... P3: =PL!P3/BS!P26 -> #DIV/0!
A4: Working Capital Turnover Ratio | B4: =PL!B3/BS!B29 -> #DIV/0! | C4: =PL!C3/BS!C29 -> #DIV/0! | D4: =PL!D3/BS!D29 -> #DIV/0! | E4: =PL!E3/BS!E29 -> #DIV/0! | F4: =PL!F3/BS!F29 -> #DIV/0! | G4: =PL!G3/BS!G29 -> #DIV/0! | H4: =PL!H3/BS!H29 -> #DIV/0! | I4: =PL!I3/BS!I29 -> #DIV/0! | ... P4: =PL!P3/BS!P29 -> #DIV/0!
A5: Asset Turnover Ratio | B5: =PL!B3/BS!B41 -> #DIV/0! | C5: =PL!C3/BS!C41 -> #DIV/0! | D5: =PL!D3/BS!D41 -> #DIV/0! | E5: =PL!E3/BS!E41 -> #DIV/0! | F5: =PL!F3/BS!F41 -> #DIV/0! | G5: =PL!G3/BS!G41 -> #DIV/0! | H5: =PL!H3/BS!H41 -> #DIV/0! | I5: =PL!I3/BS!I41 -> #DIV/0! | ... P5: =PL!P3/BS!P41 -> #DIV/0!
A6: Creditors Turnover Ratio | B6: NA | C6: =(PL!B12+BS!B25-BS!C25)/BS!B31 -> #DIV/0! | D6: =(PL!C12+BS!C25-BS!D25)/BS!C31 -> #DIV/0! | E6: =(PL!D12+BS!D25-BS!E25)/BS!D31 -> #DIV/0! | F6: =(PL!E12+BS!E25-BS!F25)/BS!E31 -> #DIV/0! | G6: =(PL!F12+BS!F25-BS!G25)/BS!F31 -> #DIV/0! | H6: =(PL!G12+BS!G25-BS!H25)/BS!G31 -> #DIV/0! | I6: =(PL!H12+BS!H25-BS!I25)/BS!H31 -> #DIV/0! | J6: =(PL!I12+BS!I25-BS!J25)/BS!I31 -> #DIV/0! | ... P6: =(PL!O12+BS!O25-BS!P25)/BS!O31 -> #DIV/0!
A7: Average Collection Period | B7: =365/B3 -> #DIV/0! | C7: =365/C3 -> #DIV/0! | D7: =365/D3 -> #DIV/0! | E7: =365/E3 -> #DIV/0! | F7: =365/F3 -> #DIV/0! | G7: =365/G3 -> #DIV/0! | H7: =365/H3 -> #DIV/0! | I7: =365/I3 -> #DIV/0! | ... P7: =365/P3 -> #DIV/0!
A8: Average Payable Period | B8: NA | C8: =365/C6 -> #DIV/0! | D8: =365/D6 -> #DIV/0! | E8: =365/E6 -> #DIV/0! | F8: =365/F6 -> #DIV/0! | G8: =365/G6 -> #DIV/0! | H8: =365/H6 -> #DIV/0! | I8: =365/I6 -> #DIV/0! | J8: =365/J6 -> #DIV/0! | ... P8: =365/P6 -> #DIV/0!

Sheet Profitabilty
B1: 201803 | C1: 201703 | D1: 201603 | E1: 201503 | F1: 201403 | G1: 201303 | H1: 201203 | I1: 201103 | J1: 201003 | K1: 200903 | L1: 200803 | M1: 200703 | N1: 200603 | O1: 200503 | P1: 200403
A2: Gross Profit Ratio | B2: =(PL!B5-PL!B12-PL!B13-PL!B14-PL!B15)/PL!B5 -> #DIV/0! | C2: =(PL!C5-PL!C12-PL!C13-PL!C14-PL!C15)/PL!C5 -> #DIV/0! | D2: =(PL!D5-PL!D12-PL!D13-PL!D14-PL!D15)/PL!D5 -> #DIV/0! | E2: =(PL!E5-PL!E12-PL!E13-PL!E14-PL!E15)/PL!E5 -> #DIV/0! | F2: =(PL!F5-PL!F12-PL!F13-PL!F14-PL!F15)/PL!F5 -> #DIV/0! | G2: =(PL!G5-PL!G12-PL!G13-PL!G14-PL!G15)/PL!G5 -> #DIV/0! | H2: =(PL!H5-PL!H12-PL!H13-PL!H14-PL!H15)/PL!H5 -> #DIV/0! | I2: =(PL!I5-PL!I12-PL!I13-PL!I14-PL!I15)/PL!I5 -> #DIV/0! | ... P2: =(PL!P5-PL!P12-PL!P13-PL!P14-PL!P15)/PL!P5 -> #DIV/0!
A3: Operating Profit Ratio | B3: =(PL!B22-PL!B6)/PL!B5 -> #DIV/0! | C3: =(PL!C22-PL!C6)/PL!C5 -> #DIV/0! | D3: =(PL!D22-PL!D6)/PL!D5 -> #DIV/0! | E3: =(PL!E22-PL!E6)/PL!E5 -> #DIV/0! | F3: =(PL!F22-PL!F6)/PL!F5 -> #DIV/0! | G3: =(PL!G22-PL!G6)/PL!G5 -> #DIV/0! | H3: =(PL!H22-PL!H6)/PL!H5 -> #DIV/0! | I3: =(PL!I22-PL!I6)/PL!I5 -> #DIV/0! | ... P3: =(PL!P22-PL!P6)/PL!P5 -> #DIV/0!
A4: EBIT Margin | B4: =PL!B22/PL!B5 -> #DIV/0! | C4: =PL!C22/PL!C5 -> #DIV/0! | D4: =PL!D22/PL!D5 -> #DIV/0! | E4: =PL!E22/PL!E5 -> #DIV/0! | F4: =PL!F22/PL!F5 -> #DIV/0! | G4: =PL!G22/PL!G5 -> #DIV/0! | H4: =PL!H22/PL!H5 -> #DIV/0! | I4: =PL!I22/PL!I5 -> #DIV/0! | ... P4: =PL!P22/PL!P5 -> #DIV/0!
A5: EBT Margin | B5: =PL!B26/PL!B5 -> #DIV/0! | C5: =PL!C26/PL!C5 -> #DIV/0! | D5: =PL!D26/PL!D5 -> #DIV/0! | E5: =PL!E26/PL!E5 -> #DIV/0! | F5: =PL!F26/PL!F5 -> #DIV/0! | G5: =PL!G26/PL!G5 -> #DIV/0! | H5: =PL!H26/PL!H5 -> #DIV/0! | I5: =PL!I26/PL!I5 -> #DIV/0! | ... P5: =PL!P26/PL!P5 -> #DIV/0!
A6: Return on Equity | B6: =(PL!B30-PL!B41)/BS!B7 -> #DIV/0! | C6: =(PL!C30-PL!C41)/BS!C7 -> #DIV/0! | D6: =(PL!D30-PL!D41)/BS!D7 -> #DIV/0! | E6: =(PL!E30-PL!E41)/BS!E7 -> #DIV/0! | F6: =(PL!F30-PL!F41)/BS!F7 -> #DIV/0! | G6: =(PL!G30-PL!G41)/BS!G7 -> #DIV/0! | H6: =(PL!H30-PL!H41)/BS!H7 -> #DIV/0! | I6: =(PL!I30-PL!I41)/BS!I7 -> #DIV/0! | ... P6: =(PL!P30-PL!P41)/BS!P7 -> #DIV/0!
A7: Return on Capital Employed | B7: =PL!B22/BS!B13 -> #DIV/0! | C7: =PL!C22/BS!C13 -> #DIV/0! | D7: =PL!D22/BS!D13 -> #DIV/0! | E7: =PL!E22/BS!E13 -> #DIV/0! | F7: =PL!F22/BS!F13 -> #DIV/0! | G7: =PL!G22/BS!G13 -> #DIV/0! | H7: =PL!H22/BS!H13 -> #DIV/0! | I7: =PL!I22/BS!I13 -> #DIV/0! | ... P7: =PL!P22/BS!P13 -> #DIV/0!
